 Dungeon Crawl Stone Soup version 0.20-a0-526-g753eaab (webtiles) character file.

2706 kuniqs the Spear-Bearer (level 9, -3/111 HPs)
             Began as a Merfolk Berserker on Jan 26, 2017.
             Was a High Priest of Trog.
             Slain by a meliai zombie (6 damage)
             ... on level 7 of the Dungeon.
             The game lasted 00:16:51 (6387 turns).

kuniqs the Spear-Bearer (Merfolk Berserker)         Turns: 6387, Time: 00:16:51

Health: -3/111     AC:  8    Str: 22    XL:     9   Next: 65%
Magic:  18/18      EV: 23    Int:  7    God:    Trog [*****.]
Gold:   382        SH:  0    Dex: 16    Spells: 8/8 levels left

rFire    + . .     SeeInvis .   H - +3 trident
rCold    . . .     Gourm    .   F - +2 robe {rF+}
rNeg     . . .     Faith    .   (no shield)
rPois    .         Spirit   .   g - +1 hat
rElec    .         Reflect  .   q - +2 cloak
rCorr    .         Harm     .   (no gloves)
MR       .....                  (no boots)
Stlth    ..........             (no amulet)
Regen    0.3/turn               J - ring of magical power
                                w - +4 ring of evasion

@: berserking (expiring), very quick
A: change form in water, swift swim, stealthy swim
a: Berserk, Trog's Hand, Brothers in Arms, Burn Spellbooks, Renounce Religion


You were on level 7 of the Dungeon.
You worshipped Trog.
Trog was extremely pleased with you.
You were very hungry.

You visited 2 branches of the dungeon, and saw 8 of its levels.
You also visited: Sewer and Ossuary.

You collected 382 gold pieces.

Inventory:

Hand Weapons
 H - a +3 trident (weapon)
Missiles
 y - 8 javelins of penetration
 K - 6 tomahawks (quivered)
Armour
 g - a +1 hat (worn)
 q - a +2 cloak (worn)
 E - a +0 shield
 F - a +2 robe of fire resistance (worn)
Jewellery
 w - a +4 ring of evasion (left hand)
 J - a ring of magical power (right hand)
Scrolls
 b - 4 scrolls of remove curse {unknown}
 i - 5 scrolls of blinking {unknown}
 j - 4 scrolls of magic mapping {unknown}
 l - 7 scrolls of identify {unknown}
 n - 4 scrolls of enchant weapon {unknown}
 o - a scroll of immolation {unknown}
 s - 5 scrolls of teleportation
 A - 2 scrolls of enchant armour {unknown}
 B - a scroll of fear {unknown}
 C - a scroll of amnesia {unknown}
 D - 2 scrolls of recharging {unknown}
 I - a scroll of holy word {unknown}
Potions
 a - a potion of magic {unknown}
 c - 4 potions of agility {unknown}
 h - a potion of resistance {unknown}
 k - 5 potions of flight
 p - a potion of cure mutation {unknown}
 r - 4 potions of might {unknown}
 t - 5 potions of curing {unknown}
 u - a potion of haste {unknown}
 v - a potion of ambrosia {unknown}
 x - a potion of lignification {unknown}
 z - 4 potions of brilliance {unknown}
Comestibles
 d - 6 bread rations
 e - 3 meat rations
 f - 7 fruits
 m - 5 royal jellies
 G - a chunk of flesh


   Skills:
 + Level 8.1 Fighting
 + Level 10.2 Polearms
 + Level 4.6 Throwing
 - Level 1.3 Armour
 + Level 9.2 Dodging
 + Level 2.6 Shields


You had 8 spell levels left.
You didn't know any spells.

Dungeon Overview and Level Annotations

Branches:
Dungeon (7/15)             Temple (1/1) D:5

Altars:
Cheibriados
Dithmenos
Fedhas
Nemelex Xobeh
Qazlal
Sif Muna


Message History

The shadow imp gestures at you. Pain shoots through your body!
* * * LOW HITPOINT WARNING * * *
You puncture the hellwing! The centaur warrior skeleton hits you.
* * * LOW HITPOINT WARNING * * *
The meliai zombie hits you!
* * * LOW HITPOINT WARNING * * *
The meliai zombie completely misses you.
The hellwing closely misses you. The hellwing misses you.
You hit the hellwing but do no damage.
The shadow imp hits you but does no damage.
The centaur warrior skeleton hits you.
* * * LOW HITPOINT WARNING * * *
You barely miss the hellwing.
The meliai zombie hits you but does no damage.
The meliai zombie misses you. The hellwing hits you!
* * * LOW HITPOINT WARNING * * *
The hellwing misses you. The meliai zombie barely misses you.
The meliai zombie hits you.
You die...

.....# .P...
...... ......
...... ......
......####.PP.P8
...........4....
..............8
#...Z# #..ZZ#
#.Z5@# #..4.#
###'## ###..###
######......#
............#
............# ..
........##'###.#
##########..##.#


You could see a hellwing, a shadow imp, a centaur warrior zombie, a meliai
zombie and 2 centaur warrior skeletons.

Vanquished Creatures
  Prince Ribbit (D:5)
  Sigmund (D:5)
  Eustachio (D:5)
  Edmund (D:6)
  2 ice beasts (D:6)
  An orc warrior (D:7)
  2 black bears (D:6)
  A phantom (D:4)
  A sky beast (D:6)
  3 bullfrogs
  A scorpion (D:4)
  5 wights (D:6)
  2 crimson imps (D:6)
  A bullfrog zombie (D:5)
  A centaur zombie (D:7)
  2 hounds
  A centaur skeleton (D:6)
  3 orc priests
  Crazy Yiuf (D:5)
  A bullfrog skeleton (D:6)
  2 orc wizards (D:6)
  An iguana (D:7)
  Natasha (thrice) (D:4)
  2 merfolk sirens (Sewer)
  A worker ant (D:6)
  A merfolk avatar (Sewer)
  A hound zombie (D:6)
  3 mummies (Ossuary)
  A worker ant zombie (D:6)
  3 gnolls (D:6)
  10 adders
  A shadow imp (D:5)
  4 oozes
  An adder skeleton (D:5)
  5 worms
  2 dart slugs (D:1)
  3 leopard geckos
  33 orcs
  4 ball pythons
  7 giant cockroaches
  8 goblins
  5 hobgoblins
  10 jackals
  6 kobolds
  2 quokkas (D:3)
  9 bats
  9 frilled lizards
  3 goblin zombies (Ossuary)
  4 hobgoblin zombies (Ossuary)
  A jackal skeleton (D:5)
  2 kobold zombies (Ossuary)
  2 leopard gecko skeletons
  A quokka skeleton (D:6)
  30 rats
212 creatures vanquished.

Notes
Turn   | Place    | Note
-------+----------+-------------------------------------------
     0 | D:1      | kuniqs the Merfolk Berserker began the quest for the Orb.
     0 | D:1      | Reached XP level 1. HP: 18/18 MP: 1/1
    93 | D:1      | Reached XP level 2. HP: 24/24 MP: 2/2
   191 | D:1      | You fall through a shaft!
   222 | D:2      | Reached XP level 3. HP: 30/30 MP: 3/3
   223 | D:2      | Reached skill level 5 in Polearms
   651 | D:1      | Reached XP level 4. HP: 37/37 MP: 4/4
   943 | D:1      | Reached ** piety under Trog
  1958 | D:3      | Reached XP level 5. HP: 38/43 MP: 5/5
  2031 | D:3      | Reached skill level 6 in Polearms
  2495 | D:3      | Reached *** piety under Trog
  2495 | D:3      | Reached skill level 5 in Fighting
  2495 | D:3      | Reached skill level 5 in Dodging
  2495 | D:3      | Reached XP level 6. HP: 51/51 MP: 6/6
  2987 | D:4      | Reached skill level 7 in Polearms
  3079 | D:4      | Found a glowing drain.
  3098 | Sewer    | Entered a sewer
  3212 | Sewer    | Reached XP level 7. HP: 47/57 MP: 7/7
  3348 | Sewer    | Reached **** piety under Trog
  3526 | D:4      | Noticed Natasha
  3538 | D:4      | Killed Natasha
  3713 | D:4      | Noticed Natasha
  3721 | D:4      | Killed Natasha
  3788 | D:4      | Reached skill level 1 in Throwing
  3840 | D:4      | Noticed Natasha
  3849 | D:4      | Killed Natasha
  4242 | D:5      | Entered Level 5 of the Dungeon
  4265 | D:5      | Noticed Eustachio
  4278 | D:5      | Killed Eustachio
  4278 | D:5      | Reached skill level 8 in Polearms
  4278 | D:5      | Reached XP level 8. HP: 65/65 MP: 8/8
  4344 | D:5      | Found a deep blue altar of Sif Muna.
  4429 | D:5      | Found a staircase to the Ecumenical Temple.
  4433 | Temple   | Entered the Ecumenical Temple
  4448 | D:5      | Found a sand-covered staircase.
  4465 | Ossuary  | Entered an ossuary
  4465 | Ossuary  | Noticed a wraith
  4465 | Ossuary  | Noticed a wraith
  4465 | Ossuary  | Noticed a wraith
  5027 | D:5      | Noticed Sigmund
  5040 | D:5      | Killed Sigmund
  5110 | D:5      | Noticed Prince Ribbit
  5282 | D:5      | Found a runed door.
  5316 | D:5      | Killed Prince Ribbit
  5385 | D:5      | Noticed Crazy Yiuf
  5387 | D:5      | Killed Crazy Yiuf
  5387 | D:5      | Reached skill level 9 in Polearms
  5517 | D:6      | Reached ***** piety under Trog
  5517 | D:6      | Reached XP level 9. HP: 68/72 MP: 9/9
  5626 | D:6      | Noticed Edmund
  5644 | D:6      | Killed Edmund
  5650 | D:6      | Reached skill level 1 in Shields
  5897 | D:6      | Reached skill level 10 in Polearms
  6360 | D:7      | Noticed a hellwing
  6387 | D:7      | HP: 3/111 [hellwing (12)]
  6387 | D:7      | Slain by a meliai zombie

Vault maps used:
D:1:      dpeg_arrival_rhombus, minmay_crystal_room, minmay_misc_feat_encased,
          minmay_misc_feat_iff, serial_bayou_ford_a
D:3:      first_bread, guppyfry_early_lair_pool
D:4:      gup_sewer_entry_bubbles, uniq_natasha
D:5:      minmay_temple_entry_grid, nicolae_ossuary_entry_false_entrances,
          basic_altar, uniq_crazy_yiuf_cottage, uniq_sigmund,
          uniq_prince_ribbit1, uniq_eustachio
D:6:      hangedman_abyss_or_decor_stagger, kennysheep_generic_room_2,
          uniq_edmund
D:7:      cheibrodos_grave_circle, grunt_ogre_cave
Temple:   nicolae_temple_the_god_donut
Sewer:    sewer_sea
Ossuary:  ossuary_kennysheep_city_of_the_dead

Skill      XL: |  1  2  3  4  5  6  7  8  9 |
---------------+----------------------------+-----
Dodging        | 3 4 5 6 8 9 |  9.2
Fighting       | 4 5 6 7 8 |  8.1
Polearms       | 5 6 7 8 9 10 | 10.2
Throwing       | 1 3 4 |  4.6
Shields        | 2 |  2.6
Armour         | |  1.3

Action                   |  1- 3 |  4- 6 |  7- 9 || total
-------------------------+-------+-------+-------++-------
Melee: Spear             |    75 |   298 |   352 ||   725
       Tailslap          |     2 |     6 |     9 ||    17
       Trident           |       |       |   208 ||   208
       Quarterstaff      |       |       |    19 ||    19
Throw: Javelin           |       |       |     2 ||     2
Invok: Berserk           |     2 |     8 |     9 ||    19
       Trog's Hand       |       |       |     1 ||     1
 Stab: Sleeping          |       |     3 |     6 ||     9
       Distracted        |       |       |     1 ||     1
  Eat: Chunk             |     1 |    16 |    16 ||    33
       Royal jelly       |       |       |     1 ||     1
Armor: Animal skin       |     9 |    11 |       ||    20
       Ring mail         |       |    29 |    29 ||    58
       Robe              |       |       |    29 ||    29
Dodge: Dodged            |    34 |   135 |   351 ||   520
